 Dungeon Crawl Stone Soup version 0.23-a0-607-g760965b753 (webtiles) character file.

192 Adamkad1 the Shield-Bearer (level 5, -7/28 HPs)
             Began as a Vine Stalker Fighter on Dec 20, 2018.
             Killed by divine providence
             ... invoked by an orc priest
              (13 damage)
             ... on level 3 of the Dungeon.
             The game lasted 00:02:15 (1970 turns).

Adamkad1 the Shield-Bearer (Vine Stalker Fighter)   Turns: 1970, Time: 00:02:15

Health: -7/28      AC:  6    Str: 19    XL:     5   Next: 71%
Magic:  0/6        EV:  7    Int:  9    God:
Gold:   200        SH:  9    Dex: 13    Spells: 4/4 levels left

rFire    . . .     SeeInvis .   a - +0 war axe
rCold    . . .     Gourm    .   c - +0 shield
rNeg     . . .     Faith    .   b - +0 scale mail
rPois    .         Spirit   +   (no helmet)
rElec    .         Reflect  .   (no cloak)
rCorr    .         Harm     .   (no gloves)
MR       .....                  (no boots)
Stlth    ..........             (no amulet)
HPRegen  0.49/turn              (no ring)
MPRegen  0.10/turn              (no ring)

@: no status effects
A: fangs 2, regeneration 1, magic shield, antimagic bite, no potion heal 3, rot
immunity
a: no special abilities


You were on level 3 of the Dungeon.
You were not hungry.

You visited 1 branch of the dungeon, and saw 3 of its levels.

You collected 200 gold pieces.

Inventory:

Hand Weapons
 a - a +0 war axe (weapon)
Armour
 b - a +0 scale mail (worn)
 c - a +0 shield (worn)
Jewellery
 e - an uncursed ring of resist corrosion {unknown}
 h - a +5 ring of strength {unknown}
Scrolls
 i - a scroll of enchant weapon {unknown}
 j - 4 scrolls of identify {unknown}
 k - a scroll of enchant armour {unknown}
 n - a scroll of fog {unknown}
 o - 2 scrolls of remove curse {unknown}
 r - a scroll of magic mapping {unknown}
Potions
 d - 3 potions of might
 g - a potion of berserk rage {unknown}
 l - a potion of lignification {unknown}
 p - a potion of curing {unknown}
 q - a potion of haste {unknown}
Comestibles
 f - 4 rations


   Skills:
 + Level 3.5 Fighting
 * Level 3.0 Axes
 * Level 3.3 Armour
 * Level 3.7 Shields


You had 4 spell levels left.
You didn't know any spells.
Your spell library was empty.

Dungeon Overview and Level Annotations

Branches:
Dungeon (3/15)

Altars:
Ashenzari
Kikubaaqudgha
Okawaru
Trog


Innate Abilities, Weirdness & Mutations

You have extremely sharp teeth.
Your natural rate of healing is unusually fast.
When hurt, damage is shared between your health and your magic reserves.
Your bite disrupts and absorbs the magic of your enemies.
Potions cannot restore your health.
You are immune to rotting.


Message History

Beogh smites you!
The orc priest invokes the aid of Beogh against you.
Beogh smites you!
* * * LOW HITPOINT WARNING * * *
You see here a +0 club.
Your shield and scale mail prevent you from hitting the orc priest.
You bite the orc priest, but do no damage.
The orc wizard casts a spell.
The orc wizard blinks!
The orc priest invokes the aid of Beogh against you.
Pain shoots through your body!
* * * LOW HITPOINT WARNING * * *
The orc wizard gestures at you while chanting.
You resist with some effort.
Unknown command.
You closely miss the orc priest. Your bite misses the orc priest.
The orc priest casts a cantrip, but nothing happens.
The orc priest invokes the aid of Beogh against you.
Beogh smites you!
You die...

#################
#...............#
....#..#######.# .
#.#........#@#
#####.#.######.#o..o....
#.................#####.
##.##.#)######.##..
#.#.# #. ... #.##...# #
#.## #......# .#
#....#.# ## #.##.#.#


You could see an orc priest and an orc wizard.

Vanquished Creatures
  A howler monkey (D:2)
  Jessica (D:2)
  5 adders (D:2)
  2 worms (D:2)
  5 dart slugs
  3 leopard geckos
  2 orcs (D:3)
  2 giant cockroaches
  7 goblins
  8 hobgoblins
  3 jackals (D:2)
  A quokka (D:2)
  5 bats
  3 frilled lizards
  10 kobolds
  8 rats
66 creatures vanquished.

Vanquished Creatures (others)
  4 toadstools (D:1)
4 creatures vanquished.

Grand Total: 70 creatures vanquished

Notes
Turn   | Place    | Note
-------+----------+-------------------------------------------
     0 | D:1      | Adamkad1 the Vine Stalker Fighter began the quest for the
                  | Orb.
     0 | D:1      | Reached XP level 1. HP: 11/11 MP: 2/2
    20 | D:1      | Reached XP level 2. HP: 9/16 MP: 1/3
   194 | D:1      | Reached XP level 3. HP: 15/20 MP: 4/4
   995 | D:2      | Gained mutation: Your natural rate of healing is unusually
                  | fast. [Vine Stalker growth]
   995 | D:2      | Reached XP level 4. HP: 16/24 MP: 5/5
  1040 | D:2      | Found an ancient bone altar of Kikubaaqudgha.
  1063 | D:2      | Noticed Jessica
  1075 | D:2      | Killed Jessica
  1075 | D:2      | Reached XP level 5. HP: 17/28 MP: 4/6
  1096 | D:2      | Found a shattered altar of Ashenzari.
  1392 | D:2      | Noticed a moth of wrath
  1395 | D:2      | Found a bloodstained altar of Trog.
  1553 | D:2      | Found an iron altar of Okawaru.
  1970 | D:3      | Killed from afar by an orc priest

Vault maps used:
D:1:      ldierk_walled_garden_2, minmay_tromino_i4
D:2:      ashenzari_conservatory_becter, old_standard_altar,
          nicolae_overflow_crystal_walls, first_ration, tgw_trog, uniq_jessica
D:3:      minmay_general_purpose_star, lemuel_doored_altar

Skill      XL: |  1  2  3  4  5 |
---------------+----------------+-----
Shields        | 3 |  3.7
Fighting       | 3 |  3.5
Axes           | 2 3 |  3.0
Armour         | 3 |  3.3

Action                   |  1- 3 |  4- 6 || total
-------------------------+-------+-------++-------
Melee: War axe           |    85 |   102 ||   187
       Bite              |    28 |    22 ||    50
  Eat: Chunk             |       |     4 ||     4
Armor: Scale mail        |    43 |    40 ||    83
Dodge: Dodged            |    28 |    27 ||    55
Block: Shield            |    56 |    67 ||   123

Table legend:
 A = Non-vault XP
 B = Vault XP
 C = Vault XP percentage of total XP
 D = Non-vault monster count
 E = Vault monster count
 F = Vault count percentage of total count
                 A         B        C        D         E       F
            +---------+---------+-------+---------+---------+-------
      Total |     225 |      50 |  18.2 |      58 |       8 |  12.1
            +---------+---------+-------+---------+---------+-------
        D:1 |      49 |       4 |   7.5 |      26 |       2 |   7.1
        D:2 |     168 |      46 |  21.5 |      29 |       6 |  17.1
        D:3 |       8 |       0 |   0.0 |       3 |       0 |   0.0
            +---------+---------+-------+---------+---------+-------
